 Dungeon Crawl Stone Soup version 0.18-a0-1186-gd02dc51 (webtiles) character file.

8843 st0uf the Transmogrifier (level 11, -1/89 HPs)
             Began as a Yellow Draconian Transmuter on Jan 28, 2016.
             Slain by an orc knight
             ... wielding a +0 halberd
              (30 damage)
             ... in a bailey.
             The game lasted 01:03:57 (11615 turns).

st0uf the Transmogrifier (DrTm)                    Turns: 11615, Time: 01:03:57

Health: -1/89      AC: 10    Str: 15    XL:     11   Next: 15%
Magic:  22/22      EV: 15    Int: 14    God:
Gold:   605        SH:  0    Dex: 12    Spells: 4 memorised, 16 levels left

rFire  . . .     SeeInvis .       - Unarmed
rCold  . . .     Gourm    .     (armour unavailable)
rNeg   . . .     Faith    .     (shield currently unavailable)
rPois  +         Spirit   .     X - +2 hat
rElec  .         Dismiss  .     D - +0 cloak
rCorr  +         Reflect  .     (gloves currently unavailable)
SustAt .         Harm     .     (no boots)
MR     .....                    (no amulet)
Stlth  ++........               f - +5 ring of slaying
                                W - ring of poison resistance

@: blade hands (expiring), not resistant to hostile enchantments, unstealthy
A: spit acid, acid resistance, unfitting armour, cold-blooded, AC +7
a: Spit Acid, End Transformation


You were in a bailey.
You were not hungry.
You had blades for hands.
You visited 3 branches of the dungeon, and saw 12 of its levels.
You also visited: Bailey.

You collected 605 gold pieces.

Inventory:

Missiles
 a - 104 arrows
Armour
 g - a +0 buckler (melded)
 D - a +0 cloak (worn)
 F - a +0 pair of gloves
 P - a +1 pair of gloves (melded)
 X - a +2 hat (worn)
Jewellery
 e - an uncursed ring of protection from cold
 f - a +5 ring of slaying (right scythe-like blade)
 B - an uncursed ring of positive energy
 C - an uncursed ring of sustain attributes
 T - a +3 ring of protection
 U - an uncursed ring of wizardry
 W - a ring of poison resistance (left scythe-like blade)
Wands
 h - a wand of slowing (31/48)
 k - a wand of flame (24/48)
 H - a wand of lightning (8/15)
 I - a wand of enslavement (9/24)
 L - a wand of enslavement (10/24)
 O - a wand of draining (8/15)
 Q - a wand of slowing (34/48)
 R - a wand of cold (7/15)
 Z - a wand of hasting (6/9)
Scrolls
 i - 4 scrolls of immolation
 m - a scroll of enchant weapon
 o - 4 scrolls of enchant armour
 r - 3 scrolls of teleportation
 t - 2 scrolls of fear
 u - 2 scrolls of recharging
 w - 2 scrolls of random uselessness
 y - a scroll of blinking
 G - a scroll of identify
 J - a scroll of remove curse
Potions
 d - a potion of agility
 j - 11 potions of curing
 l - 2 potions of heal wounds
 n - a potion of cancellation
 p - 2 potions of flight
 s - 3 potions of poison
 v - a potion of haste
 z - a potion of mutation
 A - 3 potions of might
 K - 2 potions of lignification
 S - a potion of beneficial mutation {unknown}
Books
 b - a book of Changes

   Spells                             Type                      Level
   a - Beastly Appendage              Transmutation                1
   b - Sticks to Snakes               Transmutation                2
   c - Spider Form                    Transmutation/Poison         3
   d - Ice Form                       Ice/Transmutation            4
   e - Blade Hands                    Transmutation                5
 M - a book of Enchantments

   Spells                             Type                      Level
   a - Cause Fear                     Hexes                        4
   b - Yara's Violent Unravelling     Hexes/Transmutation          5
   c - Silence                        Hexes/Air                    5
   d - Deflect Missiles               Charms/Air                   6
   e - Haste                          Charms                       6
   f - Discord                        Hexes                        8
 V - a book of Party Tricks

   Spells                             Type                      Level
   a - Summon Butterflies             Summoning                    1
   b - Apportation                    Translocation                1
   c - Tukima's Dance                 Hexes                        3
   d - Alistair's Intoxication        Transmutation/Poison         5
   e - Invisibility                   Hexes                        6
Miscellaneous
 Y - a crystal ball of energy
Comestibles
 c - 12 bread rations
 q - 5 meat rations
 x - 3 beef jerkies
 E - 2 slices of pizza
 N - 5 chunks of flesh


   Skills:
 + Level 6.0 Fighting
 + Level 6.8 Dodging
 + Level 2.6 Stealth
 + Level 2.2 Shields
 + Level 7.0 Unarmed Combat
 + Level 7.5 Spellcasting
 * Level 10.3 Transmutations


You had 16 spell levels left.
You knew the following spells:

 Your Spells              Type           Power        Failure   Level  Hunger
a - Beastly Appendage     Trmt           ####..       10%         1    None
b - Sticks to Snakes      Trmt           ####....     12%         2    None
d - Blade Hands           Trmt           ####......   41%         5    #####..
e - Apportation           Tloc           #.........   58%         1    None


Dungeon Overview and Level Annotations

Branches:
Dungeon (10/15)            Temple (1/1) D:5            Lair (1/8) D:8
    Orc: D:9-12

Altars:
Ashenzari
Cheibriados
Dithmenos
Elyvilon
Fedhas
Gozag
Kikubaaqudgha
Makhleb
Nemelex Xobeh
Okawaru
Pakellas
Qazlal
Ru
Sif Muna
Trog
Vehumet
Xom
Yredelemnul
Zin
The Shining One

Shops:
D:4 (


Innate Abilities, Weirdness & Mutations

You can spit globs of acid.
You are resistant to acid.
Your golden yellow scales are hard (AC +7).
Your body does not fit into most forms of armour.
You are cold-blooded and may be slowed by cold attacks.


Message History

The orc is almost dead.
The orc hits you but does no damage. The orc misses you.
The orc hits you but does no damage.
You barely miss the orc. You tail-slap the orc.
You kill the orc!
The orc's corpse dissolves into shadows!
The orc knight barely misses you. The orc barely misses you.
The orc misses you.
You have got your breath back.
The orc knight grunts loudly.
The gnoll dissolves into shadows!
The orc warrior hits you with a halberd!
The orc closely misses you.
There is an open door, spattered with blood here.
You see here a hand axe.
You hit the orc knight.
Your tail-slap misses the orc knight.
The orc knight is lightly wounded.
The gnoll dissolves into shadows! x2; The orc hits you but does no damage.
The orc knight hits you with a halberd!!
You die...

#.......#
#.).....#
#.......#
#.......#
#.......#
#.......#
#.......#
##.....##
###@###


#ooo# #ooo# #.).# #.o.# ###g### ##.goo.## #..o.o..# #...)...# You could see 2
orc knights, 2 orc warriors, 2 gnolls and 7 orcs.

Vanquished Creatures
  Fannar (D:10)
  Erica (D:10)
  A spiny frog (Lair:1)
  A two-headed ogre (D:8)
  Prince Ribbit (D:6)
  A spriggan (D:8)
  A wyvern (D:9)
  Eustachio (D:6)
  2 hippogriffs
  A steam dragon (D:7)
  4 wolves (Lair:1)
  Menkaure (D:7)
  8 orc warriors
  2 phantoms
  3 sky beasts
  An ice beast (D:8)
  A black bear (D:8)
  9 ogres
  A crocodile (Lair:1)
  2 centaurs
  A big kobold (D:9)
  A giant frog (D:7)
  2 scorpions
  8 killer bees
  3 wights
  A crimson imp (D:8)
  2 quasits
  2 giant frog zombies
  7 hounds
  2 giant frog skeletons
  5 jellies
  4 orc priests
  12 orc wizards
  3 centaur skeletons
  2 iguanas
  5 worker ants
  Robin (D:3)
  8 adders
  4 gnolls
  9 river rats (Lair:1)
  2 oozes
  2 adder skeletons
  A worm (D:2)
  5 giant geckos
  43 orcs
  2 giant cockroaches
  15 goblins
  11 hobgoblins
  12 jackals
  10 kobolds
  2 quokkas
  8 bats
  A giant gecko skeleton (D:5)
  5 giant newts
  A jackal zombie (D:9)
  A quokka skeleton (D:6)
  A quokka zombie (D:9)
  5 rats
  A fungus (D:8)
253 creatures vanquished.

Vanquished Creatures (collateral kills)
  A hill giant (D:10)
  Grinder (D:6)
  A hungry ghost (D:10)
  An ogre (D:8)
  A phantom (D:6)
  A centaur (D:8)
  A giant frog (Lair:1)
  An orc wizard (D:7)
  An ooze (D:4)
9 creatures vanquished.

Vanquished Creatures (others)
  A fungus (D:8)
1 creature vanquished.

Grand Total: 263 creatures vanquished

Notes
Turn   | Place    | Note
--------------------------------------------------------------
     0 | D:1      | st0uf the Draconian Transmuter began the quest for the Orb.
     0 | D:1      | Reached XP level 1. HP: 16/16 MP: 3/3
   266 | D:1      | Reached XP level 2. HP: 21/23 MP: 5/5
   742 | D:2      | Found a glowing silver altar of Zin.
   743 | D:2      | Found an opulent altar of Gozag.
   853 | D:2      | Reached XP level 3. HP: 25/28 MP: 4/6
  1097 | D:3      | Noticed Robin
  1105 | D:3      | Killed Robin
  1105 | D:3      | Reached skill level 4 in Unarmed Combat
  1113 | D:3      | Reached XP level 4. HP: 22/35 MP: 7/7
  1177 | D:3      | Learned a level 2 spell: Sticks to Snakes
  1183 | D:3      | Learned a level 3 spell: Spider Form
  2075 | D:4      | Reached XP level 5. HP: 41/41 MP: 4/9
  2202 | D:4      | Noticed a phantom
  2288 | D:4      | Found Yghufyef's Antique Weapon Emporium.
  2684 | D:4      | Killed a phantom
  2684 | D:4      | Reached XP level 6. HP: 31/48 MP: 7/11
  2987 | D:4      | Reached skill level 1 in Stealth
  3276 | D:4      | Reached XP level 7. HP: 55/55 MP: 10/12
  3276 | D:4      | Your scales start taking on a golden yellow colour.
  3300 | D:5      | Entered Level 5 of the Dungeon
  3646 | D:5      | Found a staircase to the Ecumenical Temple.
  3676 | Temple   | Entered the Ecumenical Temple
  4022 | D:5      | Reached skill level 5 in Transmutations
  4255 | D:5      | Reached skill level 1 in Shields
  4313 | D:5      | Reached XP level 8. HP: 59/63 MP: 12/14
  4780 | D:6      | Noticed Prince Ribbit
  4982 | D:6      | Killed Prince Ribbit
  4982 | D:6      | Reached skill level 5 in Unarmed Combat
  4982 | D:6      | Reached skill level 6 in Transmutations
  5028 | D:6      | Found a snail-covered altar of Cheibriados.
  5028 | D:6      | Found a burning altar of Makhleb.
  5032 | D:6      | Found a glowing golden altar of the Shining One.
  5032 | D:6      | Found an iron altar of Okawaru.
  5067 | D:6      | Noticed Eustachio
  5084 | D:6      | Killed Eustachio
  5270 | D:6      | Reached skill level 5 in Spellcasting
  5354 | D:6      | Noticed Grinder
  5382 | D:6      | Killed Grinder
  5741 | D:7      | Reached XP level 9. HP: 50/71 MP: 17/17
  5830 | D:7      | Reached skill level 7 in Transmutations
  5946 | D:7      | Reached skill level 5 in Dodging
  6317 | D:7      | Noticed Menkaure
  6337 | D:7      | Killed Menkaure
  6705 | D:8      | Found a basalt altar of Yredelemnul.
  6763 | D:8      | Found a white marble altar of Elyvilon.
  6926 | D:8      | Found a staircase to the Lair.
  6937 | D:8      | Reached skill level 8 in Transmutations
  7699 | Lair:1   | Entered Level 1 of the Lair of Beasts
  7850 | Lair:1   | Noticed a five-headed hydra
  7885 | Lair:1   | Reached skill level 5 in Fighting
  7893 | Lair:1   | Reached XP level 10. HP: 54/81 MP: 19/19
  7922 | Lair:1   | Noticed a spiny frog
  7933 | Lair:1   | Killed a spiny frog
  8685 | Lair:1   | HP: 2/81 [five-headed hydra (10)]
  8694 | Lair:1   | HP: 1/81 [water moccasin (3)]
  9501 | D:8      | Reached skill level 9 in Transmutations
  9578 | D:8      | Learned a level 5 spell: Blade Hands
  9715 | D:9      | Learned a level 1 spell: Apportation
 10487 | D:10     | Entered Level 10 of the Dungeon
 10487 | D:10     | Noticed Fannar
 10512 | D:10     | Killed Fannar
 10560 | D:10     | Noticed Erica
 10560 | D:10     | Noticed a hill giant
 10572 | D:10     | Killed a hill giant
 10572 | D:10     | Reached skill level 10 in Transmutations
 10868 | D:10     | Killed Erica
 10868 | D:10     | Reached XP level 11. HP: 79/89 MP: 14/22
 10931 | D:10     | Found a flagged portal.
 10949 | Bailey   | Entered a bailey
 11579 | Bailey   | Noticed an orc knight
 11590 | Bailey   | Noticed an orc knight
 11615 | Bailey   | Slain by an orc knight

Vault maps used:
D:1:      grunt_arrival_crossed_arrows
D:2:      grunt_temple_overflow_gold_and_silver
D:3:      first_bread, uniq_robin
D:4:      serial_shops, shop
D:5:      minmay_opposing_rooms, minmay_temple_entry_mist,
          minmay_misc_feat_plants
D:6:      grunt_temple_overflow_open, uniq_prince_ribbit1, uniq_grinder,
          uniq_eustachio
D:7:      minmay_flawed_box, uniq_menkaure
D:8:      kennysheep_ying_yang, dpeg_oklobed_lair, the_bakery
D:10:     enter_bailey_3, kennysheep_generic_room_13, uniq_fannar, uniq_erica
Temple:   oiseaux_autumnal_temple_12
Lair:1:   lemuel_fruit_fields, infiniplex_staircase_pool
Bailey:   bailey_polearm_5, bailey

Action                   |  1- 3 |  4- 6 |  7- 9 | 10-12 || total
-------------------------+-------+-------+-------+-------++-------
Melee: Unarmed           |    80 |   140 |   293 |   264 ||   777
 Cast: Beastly Appendage |     5 |    19 |    39 |    11 ||    74
       Sticks to Snakes  |       |     9 |    28 |    35 ||    72
       Blade Hands       |       |       |       |    20 ||    20
 Abil: Spit Acid         |       |       |    13 |     5 ||    18
  Use: Scroll            |       |       |       |    22 ||    22
       Potion            |       |       |       |     1 ||     1
 Stab: Sleeping          |       |       |     2 |       ||     2
       Distracted        |       |       |     2 |     2 ||     4
  Eat: Chunk             |     1 |     7 |    18 |    17 ||    43
       Fruit             |       |       |       |     2 ||     2
       Pizza             |       |       |       |     1 ||     1
